AoeStats
← Malik Bhai

Black Forest

507074508Analyzed
3v3 RM · 15d ago on Sep 16, 2026· 38m 46s· 6 players
Game mode
Random Map
Map size
Normal (6 player)
Population
200
Speed
Normal
Resources
Standard
Victory
Conquest
Starting age
Dark Age
Ending age
Imperial Age
RankedLock teamsTeams togetherTeam positionsShared explorationLock speedFull tech treeHidden civsTurbo modeCheats
Victory
Defeat
🇩🇪 Dravidians · Germany
1829
+7
🇳🇱 Persians · Netherlands
1792
+9
🇳🇴 Mongols · Norway
1644
+14
🇵🇰 Teutons · Pakistan
1682
-12
🇵🇰 Bohemians · Pakistan
1580
-9
🇵🇰 Italians · Pakistan
1576
-9
Rex Caedis
9:43 Feudal Age
10:32 Double-Bit Axe
10:08 Man-at-Arms
10:38 Loom
14:13 Fletching
15:18 Fishing Lines
21:28 Wheelbarrow
26:00 Castle Age
23:50 Horse Collar
24:24 Stone Mining
24:59 Gold Mining
27:01 Bodkin Arrow
31:17 Imperial Age
29:57 Padded Archer Armor
31:09 Thumb Ring
31:46 Hand Cart
31:16 Town Watch
33:01 Chemistry
32:21 Ballistics
32:06 Heavy Plow
32:20 Bow Saw
32:12 Gillnets
33:39 Bracer
35:58 Leather Archer Armor
35:22 Elite Elephant Archer
38:05 Ring Archer Armor
38:45 Two-Man Saw
39:20 Masonry
39:06 Murder Holes
Hans the Waller
8:21 Loom
11:01 Feudal Age
14:50 Castle Age
12:53 Double-Bit Axe
15:48 Bow Saw
16:58 Horse Collar
20:28 Fishing Lines
23:01 Wheelbarrow
22:30 Gold Mining
22:59 Gillnets
24:42 Gold Shaft Mining
28:23 Imperial Age
25:40 Town Watch
25:54 Stone Mining
26:14 Scale Barding Armor
28:09 Bloodlines
27:59 Husbandry
28:20 Chain Barding Armor
28:11 Forging
28:40 Hand Cart
28:01 Onager
28:24 Cavalier
29:58 Plate Barding Armor
29:52 Heavy Plow
31:11 Iron Casting
31:49 Savar
32:24 Capped Ram
35:20 Blast Furnace
37:01 Siege Ram
Angus McFife
0:43 Loom
12:43 Feudal Age
16:34 Castle Age
14:43 Double-Bit Axe
15:10 Fishing Lines
17:23 Gillnets
17:58 Bow Saw
23:13 Horse Collar
26:29 Fortified Wall
28:57 Imperial Age
28:25 Wheelbarrow
28:16 Stone Mining
28:18 Gold Mining
29:01 Fletching
29:10 Onager
31:46 Bodkin Arrow
31:52 Padded Archer Armor
32:55 Chemistry
32:53 Conscription
33:21 Drill
33:45 Hand Cart
33:53 Ballistics
32:59 Capped Ram
34:22 Bloodlines
34:12 Husbandry
35:11 Bracer
35:27 Leather Archer Armor
35:05 Siege Ram
36:10 Elite Mangudai
39:19 Parthian Tactics
38:59 Thumb Ring
Malik Bhai
0:41 Loom
11:40 Feudal Age
15:39 Fletching
20:34 Castle Age
23:36 Double-Bit Axe
23:31 Horse Collar
23:44 Horse Collar
32:26 Heavy Plow
35:04 Town Watch
MaMo7x
0:39 Loom
14:32 Feudal Age
18:33 Castle Age
23:59 Imperial Age
22:54 Fletching
24:04 Bodkin Arrow
24:18 Squires
28:25 Double-Bit Axe
31:40 Bracer
32:35 Conscription
33:40 Chemistry
36:12 Fortified Wall
Decade
10:16 Feudal Age
13:47 Castle Age
12:14 Double-Bit Axe
13:40 Horse Collar
20:29 Wheelbarrow
20:22 Bow Saw
24:28 Hand Cart
23:58 Town Watch
24:15 Heavy Plow
24:24 Stone Mining
24:27 Gold Mining
24:24 Loom
26:46 Stone Shaft Mining
30:23 Imperial Age
27:57 Scale Mail Armor
28:08 Forging
29:38 Squires
30:35 Chain Mail Armor
30:55 Iron Casting
32:05 Plate Mail Armor
31:17 Elite Teutonic Knight
33:11 Blast Furnace
37:02 Ironclad
36:57 Onager
37:43 Siege Engineers
Connection lost

Rejoining the realm…

Still unreachable

The connection could not be restored.

Session expired

The server has moved on; the page needs a fresh start.